AoeStats
← SongForBob

QS Arena

503602575Analyzed
4v4 RM · 9d ago on Sep 1, 2026· 65m 6s· 8 players
Game mode
Random Map
Map size
Large (8 player)
Population
200
Speed
Normal
Resources
Standard
Victory
Conquest
Starting age
Dark Age
Ending age
Imperial Age
RankedLock teamsTeams togetherTeam positionsShared explorationLock speedFull tech treeHidden civsTurbo modeCheats
Victory
Defeat
🇨🇳 Bengalis · China
916
+14
🇹🇼 Persians · Taiwan
904
+14
🇨🇳 Britons · China
894
+15
🇨🇳 Maya · China
886
+15
🇹🇷 Vikings · Türkiye
912
-17
🇮🇹 Persians · Italy
883
-15
🇹🇷 Britons · Türkiye
865
-14
🇩🇪 Cumans · Germany
807
-12
alpercetiner66
8:58 Feudal Age
15:58 Castle Age
13:48 Horse Collar
14:02 Double-Bit Axe
14:28 Gold Mining
14:49 Stone Mining
15:01 Loom
16:53 Heavy Plow
17:05 Bow Saw
17:33 Gold Shaft Mining
18:37 Wheelbarrow
17:51 Town Watch
19:13 Treadmill Crane
22:35 Hand Cart
23:04 Fletching
23:14 Padded Archer Armor
23:49 Town Patrol
23:59 Murder Holes
25:41 Masonry
25:50 Bodkin Arrow
26:30 Leather Archer Armor
26:40 Ballistics
27:35 Fortified Wall
27:45 Caravan
30:13 Coinage
31:23 Yeomen
34:23 Imperial Age
35:30 Conscription
35:46 Hoardings
35:17 Bracer
35:47 Ring Archer Armor
36:21 Chemistry
35:52 Architecture
35:08 Arrowslits
36:27 Two-Man Saw
36:52 Elite Longbowman
39:56 Banking
39:36 Guilds
56:43 Man-at-Arms
56:43 Pikeman
57:08 Gambesons
57:25 Squires
57:10 Arson
57:48 Forging
57:38 Scale Mail Armor
57:33 Long Swordsman
57:41 Halberdier
59:27 Iron Casting
58:16 Two-Handed Swordsman
59:43 Chain Mail Armor
62:30 Blast Furnace
knahee
8:08 Feudal Age
9:18 Double-Bit Axe
13:04 Horse Collar
15:23 Wheelbarrow
17:58 Stone Mining
19:15 Gold Mining
22:26 Castle Age
24:04 Hand Cart
27:18 Imperial Age
24:51 Steppe Husbandry
25:45 Gold Shaft Mining
25:12 Heavy Plow
25:24 Bow Saw
25:35 Pikeman
27:16 Bloodlines
28:22 Conscription
27:30 Elite Steppe Lancer
SongForBob
5:25 Loom
9:17 Feudal Age
14:53 Castle Age
12:56 Double-Bit Axe
13:32 Horse Collar
15:14 Man-at-Arms
15:41 Gambesons
18:00 Fletching
17:51 Long Swordsman
20:25 Bow Saw
20:37 Heavy Plow
21:22 Arson
21:37 Squires
22:03 Gold Mining
23:18 Forging
24:55 Chieftains
29:17 Imperial Age
26:20 Pikeman
27:01 Squires
29:18 Iron Casting
28:43 Scale Mail Armor
28:39 Bodkin Arrow
29:09 Ballistics
28:40 Heated Shot
31:28 Blast Furnace
31:44 Chain Mail Armor
33:09 Crop Rotation
33:48 Chemistry
32:25 Two-Handed Swordsman
33:15 Champion
34:40 Plate Mail Armor
34:40 Conscription
34:21 Stone Mining
35:22 Conscription
35:25 Heavy Scorpion
36:18 Bracer
38:58 Gold Shaft Mining
39:00 Masonry
38:55 Padded Archer Armor
39:14 Elite Berserk
40:14 Conscription
40:40 Leather Archer Armor
43:03 Ring Archer Armor
49:44 Capped Ram
LORDGIOVI
7:21 Feudal Age
7:54 Double-Bit Axe
7:54 Horse Collar
15:06 Castle Age
13:19 Gold Mining
13:21 Stone Mining
16:25 Wheelbarrow
16:32 Loom
17:07 Bow Saw
18:28 Heavy Plow
21:25 Hand Cart
28:24 Imperial Age
27:17 Forging
27:12 Scale Barding Armor
27:08 Padded Archer Armor
26:59 Fletching
27:10 Scale Mail Armor
26:44 Pikeman
27:25 Squires
27:12 Gambesons
28:56 Husbandry
29:08 Bloodlines
28:19 Cavalier
29:26 Conscription
30:14 Gold Shaft Mining
30:15 Stone Shaft Mining
30:25 Kamandaran
30:23 Halberdier
30:48 Arson
31:41 Iron Casting
31:29 Chain Mail Armor
32:08 Elite War Elephant
32:59 Citadels
35:44 Blast Furnace
35:14 Plate Mail Armor
35:05 Chain Barding Armor
35:00 Leather Archer Armor
35:08 Thumb Ring
36:43 Two-Man Saw
35:34 Light Cavalry
36:22 Bodkin Arrow
40:26 Crossbowman
41:33 Parthian Tactics
41:48 Plate Barding Armor
41:44 Ring Archer Armor
wku7535931
8:07 Feudal Age
11:41 Castle Age
9:47 Double-Bit Axe
9:59 Horse Collar
13:02 Bow Saw
15:23 Loom
18:12 Wheelbarrow
18:42 Heavy Plow
21:30 Hand Cart
27:19 Imperial Age
24:35 Town Watch
25:20 Forging
25:34 Town Patrol
26:59 Iron Casting
26:29 Scale Barding Armor
26:49 Ballistics
28:52 Chemistry
28:36 Crop Rotation
29:08 Two-Man Saw
29:12 Blast Furnace
29:01 Conscription
31:02 Chain Barding Armor
30:31 Elite War Elephant
33:59 Caravan
35:21 Bloodlines
35:12 Husbandry
34:33 Light Cavalry
37:12 Hussar
59:49 Spies/Treason
873108255
1:54 Loom
8:59 Feudal Age
9:35 Gold Mining
9:36 Double-Bit Axe
9:36 Horse Collar
13:37 Stone Mining
16:16 Castle Age
15:50 Fletching
17:11 Heavy Plow
17:32 Town Watch
18:45 Gold Shaft Mining
20:08 Bow Saw
22:40 Pikeman
24:52 Wheelbarrow
24:43 Bodkin Arrow
28:40 Fortified Wall
31:15 Imperial Age
29:23 Scale Mail Armor
29:35 Forging
31:18 Hand Cart
31:28 Squires
31:15 Arson
31:56 Ballistics
31:51 Masonry
33:05 Chemistry
32:03 Arson
31:59 Halberdier
33:27 Heavy Scorpion
36:33 Conscription
36:29 Town Patrol
36:49 Chain Mail Armor
37:10 Iron Casting
38:42 Architecture
39:31 Gambesons
39:32 Arson
40:39 Crop Rotation
41:43 Blast Furnace
40:43 Bracer
43:21 Guard Tower
43:47 Siege Engineers
43:54 Man-at-Arms
45:12 Scale Barding Armor
45:45 Paiks
45:37 Elite Battle Elephant
47:00 Husbandry
47:13 Bloodlines
46:52 Long Swordsman
47:43 Caravan
49:41 Chain Barding Armor
52:58 Two-Man Saw
56:33 Elite Ratha (Ranged)
57:37 Mahayana
58:08 Long Swordsman
58:54 Murder Holes
58:39 Treadmill Crane
58:50 Heated Shot
58:51 Guard Tower
58:52 Arrowslits
59:02 Arrowslits
60:36 Plate Barding Armor
60:02 Padded Archer Armor
61:09 Keep
60:31 Murder Holes
61:49 Murder Holes
65:31 Devotion
65:51 Sanctity
65:57 Illumination
65:49 Block Printing
65:44 Fervor
65:35 Atonement
65:45 Redemption
65:31 Herbal Medicine
66:12 Theocracy
65:23 Treadmill Crane
65:34 Heated Shot
谢祈风
8:29 Feudal Age
12:19 Castle Age
10:16 Double-Bit Axe
12:14 Horse Collar
20:19 Wheelbarrow
20:19 Bow Saw
22:38 Heavy Plow
27:30 Imperial Age
26:09 Hand Cart
25:39 Loom
27:14 Forging
27:04 Scale Mail Armor
27:01 Gold Mining
27:01 Stone Mining
26:43 Eagle Warrior
27:25 Squires
27:10 Arson
27:55 Elite Eagle Warrior
29:13 Iron Casting
28:54 Chain Mail Armor
29:36 Holcans
29:36 Fortified Wall
30:34 Stone Shaft Mining
31:25 Blast Furnace
30:25 Pikeman
32:11 Plate Mail Armor
31:20 Halberdier
32:31 Caravan
37:49 Masonry
37:36 Murder Holes
40:25 Conscription
56:50 Hoardings
56:16 Hul'che Javelineers
57:09 Coinage
56:50 Guilds
59:13 Banking
62:27 Fletching
62:37 Padded Archer Armor
62:02 Elite Plumed Archer
太子
5:14 Loom
8:37 Feudal Age
11:42 Double-Bit Axe
14:10 Castle Age
13:30 Stone Mining
14:26 Fletching
18:42 Scale Mail Armor
19:40 Bodkin Arrow
21:36 Pikeman
25:30 Ballistics
28:32 Imperial Age
26:51 Horse Collar
27:31 Bow Saw
28:23 Padded Archer Armor
28:40 Chain Mail Armor
29:31 Wheelbarrow
29:18 Masonry
29:25 Fortified Wall
32:14 Bracer
32:30 Leather Archer Armor
34:07 Yeomen
33:48 Warwolf
35:31 Leather Archer Armor
37:13 Yeomen
37:05 Warwolf
38:39 Gold Mining
39:26 Yeomen
41:56 Ring Archer Armor
40:59 Elite Longbowman
42:15 Hoardings
43:53 Chemistry
43:01 Siege Engineers
42:56 Murder Holes
46:41 Architecture
46:48 Halberdier
47:30 Squires
63:57 Plate Mail Armor
Connection lost

Rejoining the realm…

Still unreachable

The connection could not be restored.

Session expired

The server has moved on; the page needs a fresh start.